Unix NetHack Version 5.0.0-0 post-release - last build May  4 2026 22:22:43 (774f63e81ad911689b3a0859ea89b322d5daca8d,branch:main).

Game began 2026-05-05 07:15:24, ended 2026-05-05 07:26:40.

08245982402, chaotic female human Rogue

         ---
         -..
          ...-           --
            ..-   ---- ...|
            -..---........--
            |....@G........-
            --..<....%..--
            -..........--
           -...%----...-
          ......     ..G.
         ----...      ....
            ...       >..-
           |...        ..-
           --..         ..
            -.-          ..
             -            G.
                           ..
                           ..|
                            --

08245982402 the Footpad  St:16 Dx:18 Co:13 In:10 Wi:11 Ch:9  Chaotic
Dlvl:3  $:49 HP:0(12) Pw:2(2) AC:7  Xp:1 T:709 

Latest messages:
 The newt misses!
 You kill the newt!
 You see here a newt corpse.
 l - a newt corpse.
 There is a grave here.
 Something is engraved here on the headstone.
 You read: "Saved by the bell!"
 You see here a bell.
 m - a bell.
 You see here a scroll labeled HACKEM MUCHE.
 n - a scroll labeled HACKEM MUCHE.
 $ - 9 gold pieces (49 in total).
 o - a cram ration.
 You see here a pair of snow boots.
 p - a pair of snow boots.
 Drink from the fountain? [yn] (n) y
 This tepid water is tasteless.
 The door opens.
 This door is locked.
 Unlock it with your lock pick? [ynq] (q) y
 You succeed in picking the lock.
 The door opens.
 Something is written here in the dust.
 You read: "Closed for inventory".
 "Hello, 08245982402!  Welcome to Chicoutimi's general store!"
 Something is written here in the dust.
 You read: "Clo ed fcr irventory".
 "Hello, 08245982402!  Welcome again to Chicoutimi's general store!"
 You see here a light green spellbook (for sale, 533 zorkmids).
 You see here a light green spellbook (for sale, 533 zorkmids).
 Something is written here in the dust.
 You read: "C?o ed ?cr i?ventory".
 You hear the chime of a cash register.
 You descend the stairs.
 You miss the gnome lord.
 You hit the gnome lord.
 The gnome lord wields 3 daggers!
 You hit the gnome lord.
 You hit the gnome lord!
 The gnome lord thrusts one of his daggers.
 The gnome lord hits!
 You miss the gnome lord.
 The gnome lord thrusts one of his daggers.
 The gnome lord hits!
 You die...
 Do you want your possessions identified? [ynq] (y) y
 Do you want to see your attributes? [ynq] (y) y
 Do you want an account of creatures vanquished? [ynaq] (y) y
 Do you want to see your conduct and achievements? [ynq] (y) y
 Do you want to see the dungeon overview? [ynq] (y) y

Inventory:
 Coins    ('$')
  $ - 49 gold pieces
 Weapons  (')')
  b - 15 +0 daggers (alternate weapons; not wielded)
  a - a +0 short sword (weapon in right hand)
 Armor    ('[')
  p - an uncursed +0 pair of jumping boots
  c - an uncursed +1 leather armor (being worn)
 Comestibles  ('%')
  o - an uncursed cram ration
  l - an uncursed newt corpse
 Scrolls  ('?')
  k - an uncursed scroll of destroy armor
  n - an uncursed scroll of food detection
  g - a cursed scroll of genocide
  j - a blessed scroll of remove curse
 Potions  ('!')
  d - an uncursed potion of sickness
 Tools    ('(')
  f - an empty uncursed sack
  m - an uncursed bell
  e - an uncursed lock pick
 Boulders/Statues  ('`')
  h - an empty uncursed statue of a newt

08245982402 the Rogue's attributes:

Background:
 You were a Footpad, a level 1 female human Rogue.
 You were chaotic, on a mission for Kos
 who was opposed by Issek (lawful) and Mog (neutral).
 You were right-handed.
 You were in the Gnomish Mines, on level 3.
 You entered the dungeon 709 turns ago.
 You had 14 experience points, 6 more were needed to attain level 2.

Basics:
 You had 0 out of 12 hit points.
 You had both energy points (spell power).
 Your armor class was 7.
 Your wallet contained 49 zorkmids.
 Autopickup was off.

Final Characteristics:
 Your strength was 16 (limit:18/100).
 Your dexterity was 18 (limit:18).
 Your constitution was 13 (limit:18).
 Your intelligence was 10 (limit:18).
 Your wisdom was 11 (limit:18).
 Your charisma was 9 (limit:18).

Final Status:
 You weren't hungry.
 You were unencumbered.
 You were wielding a short sword.
 You had basic skill with short sword.

Final Attributes:
 You were fervently aligned.
 You were stealthy.
 You were warded.
 You are dead.

Miscellaneous:
 You didn't encounter any bones levels.
 Total elapsed playing time was 11 minutes and 15 seconds.

Major events:
 Turn
    1: 08245982402 the chaotic female human Rogue entered the dungeon
  703: entered the Gnomish Mines
  709: killed by a gnome lord

You didn't know any spells.

Skills:
 Fighting Skills
   bare handed combat [Unskilled]
   two weapon combat  [Unskilled]
   riding             [Unskilled]
 Weapon Skills
   dagger             [Basic]
   knife              [Unskilled]
   short sword        [Basic]
   broadsword         [Unskilled]
   long sword         [Unskilled]
   two-handed sword   [Unskilled]
   saber              [Unskilled]
   club               [Unskilled]
   mace               [Unskilled]
   morning star       [Unskilled]
   flail              [Unskilled]
   hammer             [Unskilled]
   polearms           [Unskilled]
   spear              [Unskilled]
   crossbow           [Unskilled]
   dart               [Unskilled]
   shuriken           [Unskilled]
 Spellcasting Skills
   divination spells  [Unskilled]
   escape spells      [Unskilled]
   matter spells      [Unskilled]

Voluntary challenges:
 Character rerolling was not enabled.
 You went without food.
 You were an atheist.
 You were illiterate.
 You never genocided any monsters.
 You never polymorphed an object.
 You never changed form.
 You used no wishes.
Achievements:
 You entered a shop.
 You entered the Gnomish Mines.

 The Dungeons of Doom: levels 1 to 2
    Level 1:
       A fountain.
    Level 2:
       A general store, some fountains, a sink, some graves.
       Stairs down to The Gnomish Mines.
 The Gnomish Mines:
    Level 3: <- You were here.
       Final resting place for
          you, killed by a gnome lord.


Vanquished creatures:
  a gnome
  4 jackals
  a fox
  a sewer rat
  a grid bug
  5 newts
13 creatures vanquished.

No species were genocided or became extinct.

Game over:
                       ----------
                      /          \
                     /    REST    \
                    /      IN      \
                   /     PEACE      \
                  /                  \
                  |   08245982402    |
                  |      49 Au       |
                  |   killed by a    |
                  |    gnome lord    |
                  |                  |
                  |                  |
                  |       2026       |
                 *|     *  *  *      | *
        _________)/\\_//(\/(/\)/\//\/|_)_______

Goodbye 08245982402 the Rogue...

You died in The Gnomish Mines on dungeon level 3 with 201 points,
and 49 pieces of gold, after 709 moves.
You were level 1 with a maximum of 12 hit points when you died.

